[Event "106th British-ch 2019"]
[Site "Torquay"]
[Date "2019.08.01"]
[Round "6.2"]
[White "Wadsworth, Matthew J"]
[Black "Howell, David W L"]
[Result "0-1"]
[ECO "A37"]
[WhiteElo "2418"]
[BlackElo "2697"]
[Annotator "RC"]
[PlyCount "74"]
[EventDate "2019.07.27"]
[EventType "swiss"]
[EventCountry "GBR"]
[SourceTitle "playchess.com"]
[Source "ChessBase"]
[SourceQuality "1"]
[TimeControl "40/5400+30:1800+30"]

1. c4 g6 2. g3 Bg7 3. Bg2 c5 4. Nc3 Nc6 5. Nf3 e6 6. d3 Nge7 7. Bg5 h6 8. Bd2 d5 9. Qc1 b6 10. Rb1 Bb7 11. O-O Rc8 12. a3 Nd4 13. cxd5 Bxd5 14. Ne1 Ba2 15. Ra1 Bb3 16. e3 Ndc6 17. a4 e5 18. Ne2 O-O 19. Ra3 Be6 20. a5 b5 21. Qxc5 Nd4 22. exd4 Rxc5 23. dxc5 Bd5 24. b4 a6 25. Bxd5 Qxd5 26. Ng2 Qf3 27. Re1 Nc6 28. Nh4 Qd5 29. d4 g5 30. Nf3 exd4 31. Nc1 f6 32. h4 Kh7 33. Nh2 Ne5 34. Nd3 Nc4 35. Ra2 Ne3 36. Bxe3 Qxa2 37. Bxd4 Qc4 0-1

[Event "106th British-ch 2019"]
[Site "Torquay"]
[Date "2019.08.01"]
[Round "6.3"]
[White "Gordon, Stephen J"]
[Black "Williams, Simon K"]
[Result "1-0"]
[ECO "A49"]
[WhiteElo "2516"]
[BlackElo "2468"]
[Annotator "ChessBase"]
[PlyCount "61"]
[EventDate "2019.07.27"]
[EventType "swiss"]
[EventCountry "GBR"]
[SourceTitle "playchess.com"]
[Source "ChessBase"]
[SourceQuality "1"]
[TimeControl "40/5400+30:1800+30"]

1. Nf3 Nf6 2. g3 g6 3. b3 Bg7 4. Bb2 O-O 5. Bg2 d6 6. d4 c6 7. O-O Qa5 8. h3 Qh5 9. g4 Bxg4 10. hxg4 Nxg4 11. Nbd2 f5 12. Re1 Nd7 13. Nf1 Ndf6 14. e3 Ne4 15. Re2 g5 16. N3d2 Nef6 17. e4 fxe4 18. Nxe4 Nd5 19. Neg3 Qh4 20. Bxd5+ cxd5 21. Qd3 Nh6 22. Rxe7 Rf4 23. Qb5 Raf8 24. Qxb7 Nf5 25. Qxd5+ Kh8 26. Re4 Qg4 27. Nh2 Qh3 28. Rxf4 gxf4 29. Nxf5 Rxf5 30. Qf3 Qh4 31. Kh1 1-0

[Event "106th British-ch 2019"]
[Site "Torquay"]
[Date "2019.08.01"]
[Round "6.4"]
[White "Haria, Ravi"]
[Black "Pert, Richard G"]
[Result "1/2-1/2"]
[ECO "C06"]
[WhiteElo "2430"]
[BlackElo "2430"]
[Annotator "NA"]
[PlyCount "88"]
[EventDate "2019.07.27"]
[EventType "swiss"]
[EventCountry "GBR"]
[SourceTitle "playchess.com"]
[Source "ChessBase"]
[SourceQuality "1"]
[TimeControl "40/5400+30:1800+30"]

1. e4 e6 2. d4 d5 3. Nd2 Be7 4. Ngf3 Nf6 5. e5 Nfd7 6. Bd3 c5 7. O-O Nc6 8. Re1 O-O 9. c3 f6 10. exf6 Nxf6 11. Nf1 cxd4 12. cxd4 Qb6 13. Ng3 Ng4 14. Re2 Bd6 15. Bc2 g6 16. Nf1 Bd7 17. h3 Rxf3 18. hxg4 Rf7 19. Be3 Nb4 20. Bb3 Bb5 21. Rd2 a5 22. a3 Nc6 23. Nh2 Bxh2+ 24. Kxh2 a4 25. Ba2 Na5 26. Rc1 Bc4 27. Bb1 Nb3 28. g3 Raf8 29. Rcc2 Rf3 30. Kg2 Qb5 31. Rc3 Nxd2 32. Qxd2 Bf1+ 33. Kg1 Bh3 34. Bd3 Qd7 35. Be2 Qf7 36. Bf4 Rxc3 37. Qxc3 h5 38. gxh5 gxh5 39. Qe3 Qg6 40. Kh2 Bg4 41. f3 Bf5 42. Bb5 Bc2 43. Bd7 Kh7 44. Qxe6 Qxe6 1/2-1/2

[Event "106th British-ch 2019"]
[Site "Torquay"]
[Date "2019.08.01"]
[Round "6.5"]
[White "Eggleston, David J"]
[Black "Palliser, Richard Jd"]
[Result "0-1"]
[ECO "B81"]
[WhiteElo "2399"]
[BlackElo "2399"]
[Annotator "ChessBase"]
[PlyCount "126"]
[EventDate "2019.07.27"]
[EventType "swiss"]
[EventCountry "GBR"]
[SourceTitle "playchess.com"]
[Source "ChessBase"]
[SourceQuality "1"]
[TimeControl "40/5400+30:1800+30"]

1. e4 c5 2. Nf3 d6 3. d4 cxd4 4. Nxd4 Nf6 5. Nc3 a6 6. h3 e6 7. g4 h6 8. Bg2 Be7 9. O-O g5 10. Nde2 Nc6 11. Be3 Ne5 12. Na4 Nc4 13. Bd4 e5 14. b3 exd4 15. bxc4 Qa5 16. Nb2 h5 17. Qxd4 hxg4 18. hxg4 Bxg4 19. Ng3 Qe5 20. Qxe5 dxe5 21. Nd3 Nd7 22. Nf5 Rc8 23. Rab1 b6 24. Rfe1 Rxc4 25. Ne3 Be6 26. Nxc4 Bxc4 27. a4 Bxd3 28. cxd3 a5 29. d4 exd4 30. e5 Rh6 31. Bd5 Bb4 32. Re4 d3 33. Rg4 Nxe5 34. Rxg5 f6 35. Rg7 Rg6+ 36. Rxg6 Nxg6 37. Bb3 Nf4 38. Kf1 d2 39. Bd1 Nd5 40. Rb2 Ke7 41. Bf3 Kd6 42. Rc2 Ke5 43. Rc8 Kf4 44. Bd1 Nc3 45. Rxc3 Bxc3 46. Ke2 Ke4 47. Bb3 Kd4 48. Bf7 Bb4 49. Be8 Kc3 50. Kd1 Bc5 51. f4 Be3 52. f5 Kd4 53. Bd7 Ke4 54. Ke2 Bf4 55. Kd1 b5 56. axb5 a4 57. Ke2 a3 58. Be6 Kd4 59. b6 Kc3 60. b7 Kb2 61. b8=Q+ Bxb8 62. Kxd2 a2 63. Bxa2 Kxa2 0-1

[Event "106th British-ch 2019"]
[Site "Torquay"]
[Date "2019.08.01"]
[Round "6.6"]
[White "Pert, Nicholas"]
[Black "Toma, Katarzyna"]
[Result "1-0"]
[ECO "D77"]
[WhiteElo "2563"]
[BlackElo "2229"]
[Annotator "ChessBase"]
[PlyCount "81"]
[EventDate "2019.07.27"]
[EventType "swiss"]
[EventCountry "GBR"]
[SourceTitle "playchess.com"]
[Source "ChessBase"]
[SourceQuality "1"]
[TimeControl "40/5400+30:1800+30"]

1. d4 Nf6 2. Nf3 g6 3. g3 Bg7 4. Bg2 O-O 5. O-O d5 6. c4 dxc4 7. Na3 Nc6 8. Nxc4 Be6 9. b3 Bd5 10. Bb2 a5 11. Ne3 Be4 12. a3 Qc8 13. Nc4 Rd8 14. e3 Bd5 15. Rc1 h6 16. Qe2 Qe6 17. Rfd1 a4 18. b4 Na7 19. Nce5 Rac8 20. Qf1 g5 21. h4 Qf5 22. hxg5 hxg5 23. Nd2 Ne4 24. Nxe4 Bxe4 25. f3 Bxe5 26. dxe5 Bc6 27. e4 Qg6 28. e6 fxe6 29. Rc5 b6 30. Re5 Rd6 31. Bc1 Kf8 32. Rxg5 Qh7 33. Bf4 Bb5 34. Qe1 Rxd1 35. Qxd1 Ke8 36. Qc1 Bd7 37. Be5 Nb5 38. Rg7 Qh5 39. Rg8+ Kf7 40. Rg5 Qh7 41. Qf4+ 1-0

[Event "106th British-ch 2019"]
[Site "Torquay"]
[Date "2019.08.01"]
[Round "6.7"]
[White "Emms, John M"]
[Black "Ashton, Adam G"]
[Result "1-0"]
[ECO "C77"]
[WhiteElo "2481"]
[BlackElo "2323"]
[Annotator "ChessBase"]
[PlyCount "77"]
[EventDate "2019.07.27"]
[EventType "swiss"]
[EventCountry "GBR"]
[SourceTitle "playchess.com"]
[Source "ChessBase"]
[SourceQuality "1"]
[TimeControl "40/5400+30:1800+30"]

1. e4 e5 2. Nf3 Nc6 3. Bb5 a6 4. Ba4 Nf6 5. d3 d6 6. c3 g6 7. O-O Bg7 8. h3 O-O 9. Re1 Re8 10. Nbd2 h6 11. d4 b5 12. Bc2 Bb7 13. d5 Nb8 14. a4 c6 15. dxc6 Bxc6 16. axb5 axb5 17. Rxa8 Bxa8 18. Qe2 Bc6 19. Bd3 Qb6 20. Nb3 Nbd7 21. Be3 Qc7 22. Nfd2 Rb8 23. Ra1 d5 24. Ra7 Qc8 25. exd5 Nxd5 26. Na5 f5 27. Nxc6 Qxc6 28. Nb3 e4 29. Bb1 Nxe3 30. Qxe3 Ra8 31. Na5 Qd5 32. Ba2 Qxa2 33. Rxa8+ Kh7 34. Ra7 Qd5 35. Nb3 Qd1+ 36. Kh2 Be5+ 37. g3 f4 38. gxf4 Bb8 39. Rb7 1-0

[Event "106th British-ch 2019"]
[Site "Torquay"]
[Date "2019.08.01"]
[Round "6.8"]
[White "Fernandez, Daniel Howard"]
[Black "Bates, Richard A"]
[Result "1-0"]
[ECO "A30"]
[WhiteElo "2466"]
[BlackElo "2352"]
[Annotator "ChessBase"]
[PlyCount "100"]
[EventDate "2019.07.27"]
[EventType "swiss"]
[EventCountry "GBR"]
[SourceTitle "playchess.com"]
[Source "ChessBase"]
[SourceQuality "1"]
[TimeControl "40/5400+30:1800+30"]

1. Nf3 Nf6 2. b3 g6 3. Bb2 Bg7 4. e3 O-O 5. Be2 c5 6. O-O Nc6 7. c4 b6 8. d4 cxd4 9. Nxd4 Bb7 10. Bf3 Na5 11. Bxb7 Nxb7 12. Nc3 Nc5 13. Re1 Nfe4 14. Nxe4 Nxe4 15. Qc2 Nf6 16. Rad1 Qc7 17. Nb5 Qb7 18. Nc3 Rac8 19. e4 d6 20. a4 a6 21. Qe2 Rc5 22. Bc1 Nd7 23. Nd5 e6 24. b4 exd5 25. bxc5 Nxc5 26. Rxd5 Nxa4 27. Rxd6 b5 28. cxb5 axb5 29. e5 b4 30. e6 fxe6 31. Qxe6+ Qf7 32. Qxf7+ Rxf7 33. Re8+ Rf8 34. Rdd8 Rxe8 35. Rxe8+ Kf7 36. Rb8 Bc3 37. Kf1 Ke6 38. Ke2 Kd5 39. g4 Kc4 40. Rc8+ Kb3 41. Kd3 Bf6 42. f4 Be7 43. f5 gxf5 44. gxf5 Nb6 45. Rc7 Bd8 46. Rc6 Ka4 47. Be3 Nd5 48. Ra6+ Kb5 49. Rd6 Nxe3 50. Rxd8 Nxf5 1-0

[Event "106th British-ch 2019"]
[Site "Torquay"]
[Date "2019.08.01"]
[Round "6.9"]
[White "Houska, Jovanka"]
[Black "Claridge-Hansen, William"]
[Result "1-0"]
[ECO "E16"]
[WhiteElo "2422"]
[BlackElo "2297"]
[Annotator "NA"]
[PlyCount "79"]
[EventDate "2019.07.27"]
[EventType "swiss"]
[EventCountry "GBR"]
[SourceTitle "playchess.com"]
[Source "ChessBase"]
[SourceQuality "1"]
[TimeControl "40/5400+30:1800+30"]

1. d4 Nf6 2. Nf3 e6 3. c4 b6 4. g3 Bb7 5. Bg2 Bb4+ 6. Bd2 c5 7. Bxb4 cxb4 8. O-O O-O 9. Qd3 d6 10. Nbd2 Qc7 11. Rac1 e5 12. e4 Nc6 13. Rfd1 Rfe8 14. Nf1 exd4 15. Re1 Ne5 16. Qxd4 Qc5 17. Qxc5 Nxf3+ 18. Bxf3 dxc5 19. Nd2 Rad8 20. Rcd1 Rd3 21. Be2 Rd4 22. f3 Red8 23. Nf1 Nd7 24. Rxd4 cxd4 25. Rd1 Nc5 26. Ne3 d3 27. Bf1 Rd4 28. Kf2 g6 29. b3 Bxe4 30. fxe4 Nxe4+ 31. Kf3 d2 32. Bd3 Nc3 33. Rxd2 Nb1 34. Rb2 Rxd3 35. Rxb1 Rd2 36. h4 Rxa2 37. Nd5 Ra3 38. Nxb4 a5 39. Nc2 Ra2 40. Ne3 1-0

[Event "106th British-ch 2019"]
[Site "Torquay"]
[Date "2019.08.01"]
[Round "6.10"]
[White "Bradbury, Neil H"]
[Black "Pigott, John C"]
[Result "1/2-1/2"]
[ECO "D76"]
[WhiteElo "2322"]
[BlackElo "2384"]
[Annotator "NA"]
[PlyCount "47"]
[EventDate "2019.07.27"]
[EventType "swiss"]
[EventCountry "GBR"]
[SourceTitle "playchess.com"]
[Source "ChessBase"]
[SourceQuality "1"]
[TimeControl "40/5400+30:1800+30"]

1. d4 Nf6 2. c4 g6 3. Nf3 Bg7 4. g3 d5 5. cxd5 Nxd5 6. Bg2 Nb6 7. O-O Nc6 8. e3 O-O 9. Nc3 e5 10. d5 Na5 11. e4 c6 12. Bg5 f6 13. Be3 cxd5 14. exd5 Nac4 15. Bc5 Rf7 16. Qe2 Bf8 17. Bxf8 Qxf8 18. a4 Qb4 19. Ra2 Bd7 20. Rfa1 a5 21. Ne1 Rc8 22. Nd3 Qb3 23. Nc1 Qb4 24. Nd3 1/2-1/2

[Event "106th British-ch 2019"]
[Site "Torquay"]
[Date "2019.08.01"]
[Round "6.11"]
[White "Lane, Gary W"]
[Black "Smith, Andrew Philip"]
[Result "1-0"]
[ECO "B06"]
[WhiteElo "2364"]
[BlackElo "2147"]
[Annotator "NA"]
[PlyCount "53"]
[EventDate "2019.07.27"]
[EventType "swiss"]
[EventCountry "GBR"]
[SourceTitle "playchess.com"]
[Source "ChessBase"]
[SourceQuality "1"]
[TimeControl "40/5400+30:1800+30"]

1. e4 g6 2. d4 Bg7 3. Nc3 c6 4. Bc4 Qb6 5. Nf3 Nh6 6. O-O d5 7. exd5 Bg4 8. d6 e6 9. Ne4 Nf5 10. c3 Nd7 11. h3 Bxf3 12. Qxf3 h5 13. Bg5 h4 14. b4 Rh5 15. Rab1 Kf8 16. Nc5 Ke8 17. Na4 Rxg5 18. Nxb6 Nxb6 19. Bb3 Rd8 20. b5 Rxd6 21. bxc6 bxc6 22. a4 Nd7 23. a5 Rh5 24. Bc4 Ke7 25. Rb7 a6 26. Bxa6 Rd5 27. Bc4 1-0

[Event "106th British-ch 2019"]
[Site "Torquay"]
[Date "2019.08.01"]
[Round "6.12"]
[White "Arkell, Keith C"]
[Black "Pein, Malcolm"]
[Result "1-0"]
[ECO "A16"]
[WhiteElo "2461"]
[BlackElo "2312"]
[Annotator "ChessBase"]
[PlyCount "103"]
[EventDate "2019.07.27"]
[EventType "swiss"]
[EventCountry "GBR"]
[SourceTitle "playchess.com"]
[Source "ChessBase"]
[SourceQuality "1"]
[TimeControl "40/5400+30:1800+30"]

1. Nf3 Nf6 2. c4 g6 3. Nc3 Bg7 4. g3 c6 5. e4 d5 6. cxd5 cxd5 7. e5 Nfd7 8. d4 Nb6 9. Bg2 Bg4 10. h3 Bxf3 11. Qxf3 e6 12. Nb5 O-O 13. b3 Qd7 14. Qd3 a6 15. Nc3 Nc6 16. Ba3 Rfc8 17. O-O a5 18. Rac1 a4 19. Bc5 Qd8 20. Nb5 axb3 21. axb3 Nd7 22. b4 Ra4 23. Rb1 Nxc5 24. bxc5 Rca8 25. Rfd1 b6 26. Rdc1 bxc5 27. Rxc5 Qb6 28. Qc2 Nb4 29. Qc3 Na2 30. Qe3 Rb4 31. Rxb4 Nxb4 32. Qc3 Na2 33. Rc8+ Bf8 34. Qc7 Qxc7 35. Rxc7 Nb4 36. Nd6 Ra1+ 37. Bf1 Rd1 38. Nxf7 Rxd4 39. Ng5 Bh6 40. Nxe6 Rd1 41. f4 d4 42. Rc4 Kf7 43. Rxd4 Rxd4 44. Nxd4 Bf8 45. Bc4+ Ke8 46. Kg2 Bc5 47. Nb3 Bb6 48. Kf3 Ke7 49. Ke4 h5 50. Nd4 Bc5 51. g4 hxg4 52. hxg4 1-0

[Event "106th British-ch 2019"]
[Site "Torquay"]
[Date "2019.08.01"]
[Round "6.13"]
[White "Zapolskis, Antanas"]
[Black "Ward, Chris G"]
[Result "0-1"]
[ECO "B27"]
[WhiteElo "2290"]
[BlackElo "2418"]
[Annotator "NA"]
[PlyCount "70"]
[EventDate "2019.07.27"]
[EventType "swiss"]
[EventCountry "GBR"]
[SourceTitle "playchess.com"]
[Source "ChessBase"]
[SourceQuality "1"]
[TimeControl "40/5400+30:1800+30"]

1. e4 c5 2. Nf3 g6 3. d4 cxd4 4. Qxd4 Nf6 5. Bb5 a6 6. e5 axb5 7. exf6 Nc6 8. Qd1 b4 9. O-O e6 10. c4 Qxf6 11. Nbd2 d5 12. Qe2 Be7 13. Nb3 O-O 14. Bg5 Qg7 15. cxd5 Bxg5 16. dxc6 Bf6 17. c7 Bd7 18. Nc5 Bc6 19. Ne4 Rfc8 20. Nxf6+ Qxf6 21. Ne5 Rxc7 22. Qe3 h5 23. Rfe1 Bd5 24. b3 Rc2 25. h3 Rac8 26. Rad1 R8c3 27. Rd3 Rxa2 28. Rxc3 bxc3 29. b4 c2 30. f3 Rb2 31. Nd7 Qd8 32. Qc3 Rb1 33. Nc5 Qf6 34. Qxf6 Rxe1+ 35. Kh2 c1=Q 0-1

[Event "106th British-ch 2019"]
[Site "Torquay"]
[Date "2019.08.01"]
[Round "6.14"]
[White "Rudd, Jack"]
[Black "Taylor, Adam C"]
[Result "1-0"]
[ECO "D41"]
[WhiteElo "2275"]
[BlackElo "2402"]
[Annotator "NA"]
[PlyCount "131"]
[EventDate "2019.07.27"]
[EventType "swiss"]
[EventCountry "GBR"]
[SourceTitle "playchess.com"]
[Source "ChessBase"]
[SourceQuality "1"]
[TimeControl "40/5400+30:1800+30"]

1. c4 Nf6 2. Nc3 e6 3. Nf3 d5 4. cxd5 Nxd5 5. e4 Nxc3 6. bxc3 c5 7. d4 cxd4 8. cxd4 Bb4+ 9. Bd2 Bxd2+ 10. Qxd2 O-O 11. Bc4 Nd7 12. O-O b6 13. Rfe1 Bb7 14. Rad1 Rc8 15. Bb3 h6 16. Qf4 Qc7 17. Qxc7 Rxc7 18. d5 Nc5 19. Bc4 Nxe4 20. Rxe4 exd5 21. Bxd5 Rd8 22. Bxf7+ Kxf7 23. Rf4+ Kg6 24. Re1 Kh7 25. h4 Rc2 26. Ne5 Rxa2 27. Rf7 Bd5 28. Re7 Rf8 29. f3 Rc8 30. Nd7 Kg8 31. Rd1 Bc6 32. Ne5 Be8 33. Kh2 Kf8 34. Rb7 Re2 35. Nd7+ Kg8 36. Rd4 Kh8 37. Rg4 Re7 38. Nxb6 Rxb7 39. Nxc8 Bd7 40. Rc4 a5 41. Nd6 Ra7 42. Nf7+ Kh7 43. Ne5 Bb5 44. Rc5 Rb7 45. Rc8 Re7 46. Rc5 Rb7 47. Rc8 a4 48. Ra8 h5 49. Kg3 Rb6 50. Ra5 Rb8 51. Nf7 Rb6 52. Ng5+ Kg6 53. Ne4 Be8 54. Nc3 Rb4 55. Nd5 Rd4 56. Nf4+ Kh7 57. Ra8 Bc6 58. Ra7 Be8 59. Ne6 Rd6 60. Rxg7+ Kh8 61. Re7 Bd7 62. Ng5 Rd1 63. Ne4 a3 64. Nf6 Bf5 65. Ra7 Rd3 66. Kf4 1-0

[Event "106th British-ch 2019"]
[Site "Torquay"]
[Date "2019.08.01"]
[Round "6.15"]
[White "Storey, Charles H"]
[Black "D'costa, Lorin Ar"]
[Result "1-0"]
[ECO "A25"]
[WhiteElo "2261"]
[BlackElo "2396"]
[Annotator "NA"]
[PlyCount "39"]
[EventDate "2019.07.27"]
[EventType "swiss"]
[EventCountry "GBR"]
[SourceTitle "playchess.com"]
[Source "ChessBase"]
[SourceQuality "1"]
[TimeControl "40/5400+30:1800+30"]

1. g3 e5 2. c4 Nc6 3. Bg2 Bc5 4. Nc3 d6 5. Na4 Nge7 6. Nxc5 dxc5 7. d3 O-O 8. b3 Be6 9. Bb2 Qd7 10. Nf3 f6 11. h4 a5 12. a4 Rad8 13. Bc3 Nb4 14. Nd2 Nf5 15. Ne4 b6 16. Rb1 Nd4 17. Rb2 h6 18. f3 f5 19. Nf2 Qf7 20. e3 1-0

[Event "106th British-ch 2019"]
[Site "Torquay"]
[Date "2019.08.01"]
[Round "6.16"]
[White "Derakhshani, Borna"]
[Black "Brewer, Callum D"]
[Result "1-0"]
[ECO "D02"]
[WhiteElo "2300"]
[BlackElo "2086"]
[Annotator "NA"]
[PlyCount "79"]
[EventDate "2019.07.27"]
[EventType "swiss"]
[EventCountry "GBR"]
[SourceTitle "playchess.com"]
[Source "ChessBase"]
[SourceQuality "1"]
[TimeControl "40/5400+30:1800+30"]

1. Nf3 Nf6 2. d4 d5 3. Bf4 c5 4. c3 Nc6 5. e3 Qb6 6. Qb3 c4 7. Qc2 Bf5 8. Qc1 Nh5 9. Bg5 f6 10. Bh4 e5 11. Be2 Bg6 12. g4 Bxb1 13. Rxb1 e4 14. gxh5 exf3 15. Bxf3 Rd8 16. Qc2 Ne7 17. Rg1 g5 18. Bg3 Qe6 19. Kd2 Bg7 20. h4 O-O 21. Rbe1 g4 22. h6 Bxh6 23. Bxg4 Qa6 24. Bc7 Ra8 25. b4 Kh8 26. a4 b6 27. Bd6 Qb7 28. Kd1 Rad8 29. Bh2 Nc6 30. b5 Ne7 31. Be6 a6 32. Qe2 axb5 33. Qh5 Bg7 34. Qg4 Ng8 35. Bf4 Qe7 36. axb5 Nh6 37. Qxg7+ Qxg7 38. Rxg7 Kxg7 39. Rg1+ Kh8 40. Bxh6 1-0

[Event "106th British-ch 2019"]
[Site "Torquay"]
[Date "2019.08.01"]
[Round "6.17"]
[White "Willow, Jonah B"]
[Black "Rocco, Federico"]
[Result "1-0"]
[ECO "B55"]
[WhiteElo "2343"]
[BlackElo "2157"]
[Annotator "NA"]
[PlyCount "77"]
[EventDate "2019.07.27"]
[EventType "swiss"]
[EventCountry "GBR"]
[SourceTitle "playchess.com"]
[Source "ChessBase"]
[SourceQuality "1"]
[TimeControl "40/5400+30:1800+30"]

1. e4 c5 2. Nf3 d6 3. d4 cxd4 4. Nxd4 Nf6 5. f3 e5 6. Nb3 d5 7. Bg5 Be6 8. Bxf6 gxf6 9. exd5 Qxd5 10. Qxd5 Bxd5 11. Nc3 Bc6 12. O-O-O a6 13. Na5 Be7 14. Bc4 Rg8 15. Nd5 Bd8 16. Nxc6 Nxc6 17. Ne3 Rc8 18. Kb1 Be7 19. Bd3 h5 20. Bh7 Rg7 21. Be4 b5 22. g4 hxg4 23. fxg4 Nd4 24. h4 Ne6 25. h5 Rd8 26. h6 Rxd1+ 27. Rxd1 Rg8 28. c3 Rh8 29. Nf5 Nd8 30. a4 bxa4 31. Bc2 Ne6 32. Bxa4+ Kf8 33. b4 Rg8 34. Rd7 Bd8 35. Ng7 Be7 36. Ra7 Nd8 37. Nf5 Bxb4 38. cxb4 Rxg4 39. h7 1-0

[Event "106th British-ch 2019"]
[Site "Torquay"]
[Date "2019.08.01"]
[Round "6.18"]
[White "Moore, Graham J"]
[Black "Hand, Freddie"]
[Result "1-0"]
[ECO "A11"]
[WhiteElo "2264"]
[BlackElo "2142"]
[Annotator "NA"]
[PlyCount "131"]
[EventDate "2019.07.27"]
[EventType "swiss"]
[EventCountry "GBR"]
[SourceTitle "playchess.com"]
[Source "ChessBase"]
[SourceQuality "1"]
[TimeControl "40/5400+30:1800+30"]

1. Nf3 d5 2. c4 c6 3. g3 Nf6 4. Bg2 dxc4 5. O-O Nbd7 6. Qc2 Nb6 7. Na3 Be6 8. Ne5 Qd4 9. Nxc6 bxc6 10. Bxc6+ Kd8 11. Bxa8 Nxa8 12. Nb5 Qd7 13. a4 Nb6 14. d3 cxd3 15. Qxd3 Qxd3 16. exd3 a6 17. Be3 Nbd5 18. Nd4 Bd7 19. Rfc1 e5 20. Nc6+ Bxc6 21. Rxc6 Kd7 22. Rac1 a5 23. Rc8 Rg8 24. Ra8 Bb4 25. Ra7+ Ke6 26. Rc6+ Kf5 27. Rxf7 Ne7 28. g4+ Kxg4 29. Re6 Ng6 30. Rc6 e4 31. d4 Ne7 32. Re6 Ned5 33. Kg2 Kf5 34. Re5+ Kg6 35. Rb7 Nxe3+ 36. fxe3 Rc8 37. Rb6 Kf7 38. d5 Rc2+ 39. Kf1 Ng4 40. Rf5+ Nf6 41. h4 Rc1+ 42. Ke2 Rc2+ 43. Kd1 Rd2+ 44. Kc1 Rd3 45. h5 Bd2+ 46. Kc2 Bxe3 47. Rb7+ Kf8 48. d6 Rd2+ 49. Kb1 Rxd6 50. Rxa5 Re6 51. Ra8+ Ne8 52. Kc2 Bg5 53. Kd1 e3 54. Ke2 Rc6 55. Rbb8 Re6 56. a5 Bf4 57. Rc8 Kf7 58. a6 Nc7 59. Ra7 Kf6 60. Rf8+ Kg5 61. Rxc7 Bxc7 62. a7 Ra6 63. a8=Q Rxa8 64. Rxa8 Kxh5 65. Ra7 Bb6 66. Rxg7 1-0

[Event "106th British-ch 2019"]
[Site "Torquay"]
[Date "2019.08.01"]
[Round "6.19"]
[White "Merriman, John"]
[Black "Modi, Shyam Jagdish"]
[Result "1/2-1/2"]
[ECO "E81"]
[WhiteElo "2226"]
[BlackElo "2098"]
[Annotator "NA"]
[PlyCount "49"]
[EventDate "2019.07.27"]
[EventType "swiss"]
[EventCountry "GBR"]
[SourceTitle "playchess.com"]
[Source "ChessBase"]
[SourceQuality "1"]
[TimeControl "40/5400+30:1800+30"]

1. d4 Nf6 2. c4 g6 3. Nc3 Bg7 4. e4 d6 5. f3 O-O 6. Bg5 c5 7. d5 e6 8. Qd2 Qa5 9. a4 Na6 10. Nge2 exd5 11. cxd5 Nb4 12. Nc1 h6 13. Bf4 Qd8 14. Be2 Nh5 15. Be3 f5 16. O-O f4 17. Bf2 Be5 18. a5 g5 19. N3a2 Nxa2 20. Rxa2 g4 21. fxg4 Nf6 22. Bh4 Nxe4 23. Qe1 Bd4+ 24. Kh1 Qe8 25. Qd1 1/2-1/2

[Event "106th British-ch 2019"]
[Site "Torquay"]
[Date "2019.08.01"]
[Round "6.20"]
[White "Yoon, Jacob D"]
[Black "Stoyanov, Viktor"]
[Result "0-1"]
[ECO "B15"]
[WhiteElo "1963"]
[BlackElo "2198"]
[Annotator "NA"]
[PlyCount "86"]
[EventDate "2019.07.27"]
[EventType "swiss"]
[EventCountry "GBR"]
[SourceTitle "playchess.com"]
[Source "ChessBase"]
[SourceQuality "1"]
[TimeControl "40/5400+30:1800+30"]

1. e4 c6 2. d4 d5 3. Nc3 dxe4 4. Nxe4 Nf6 5. Nxf6+ exf6 6. c3 Bd6 7. Bd3 O-O 8. Ne2 Re8 9. O-O Nd7 10. Bf4 Nf8 11. Bg3 Ng6 12. Qd2 f5 13. Nf4 Qg5 14. Rae1 Be6 15. Re5 Nxe5 16. dxe5 Bxe5 17. Qc1 Bxa2 18. c4 Rad8 19. Rd1 Bb3 20. Re1 Bxf4 21. Rxe8+ Rxe8 22. Bxf4 Qd8 23. Qc3 Qxd3 24. Qxd3 Re1+ 25. Qf1 Rxf1+ 26. Kxf1 Bxc4+ 27. Ke1 Kf8 28. Kd2 Ke7 29. Kc3 Bd5 30. g3 c5 31. Be3 Kd6 32. Bf4+ Kc6 33. Bb8 a5 34. Bf4 b5 35. Be5 f6 36. Bf4 Be4 37. Bb8 a4 38. Ba7 Kd5 39. Bb6 b4+ 40. Kd2 Kc4 41. Bd8 Kb3 42. Kc1 a3 43. bxa3 bxa3 0-1

[Event "106th British-ch 2019"]
[Site "Torquay"]
[Date "2019.08.01"]
[Round "6.21"]
[White "Crickmore, Neil Eg"]
[Black "Krzyzanowski, Patryk"]
[Result "1-0"]
[ECO "D74"]
[WhiteElo "2187"]
[BlackElo "2114"]
[Annotator "NA"]
[PlyCount "71"]
[EventDate "2019.07.27"]
[EventType "swiss"]
[EventCountry "GBR"]
[SourceTitle "playchess.com"]
[Source "ChessBase"]
[SourceQuality "1"]
[TimeControl "40/5400+30:1800+30"]

1. d4 Nf6 2. Nf3 d5 3. g3 g6 4. Bg2 Bg7 5. c4 c6 6. cxd5 Nxd5 7. O-O O-O 8. h3 Qb6 9. e4 Nf6 10. Nc3 Rd8 11. Qc2 e5 12. dxe5 Nfd7 13. Be3 Qa5 14. Rad1 Re8 15. Bf4 Na6 16. Kh2 h6 17. a3 g5 18. Be3 Nxe5 19. Nxe5 Qxe5 20. f4 gxf4 21. gxf4 Qh5 22. f5 Be5+ 23. Bf4 Qh4 24. Bxe5 Rxe5 25. Qd2 Qf6 26. Ne2 Nc5 27. Ng3 b6 28. Rf4 Ba6 29. Rg4+ Kh7 30. Nh5 Qh8 31. Qd6 Ne6 32. Qe7 Qf8 33. Nf6+ Kh8 34. Rg8+ Qxg8 35. Nxg8 Kxg8 36. Qf6 1-0

[Event "106th British-ch 2019"]
[Site "Torquay"]
[Date "2019.08.01"]
[Round "6.22"]
[White "Holland, Chris Kd"]
[Black "Wall, Tim P"]
[Result "1-0"]
[ECO "A85"]
[WhiteElo "2143"]
[BlackElo "2246"]
[Annotator "NA"]
[PlyCount "71"]
[EventDate "2019.07.27"]
[EventType "swiss"]
[EventCountry "GBR"]
[SourceTitle "playchess.com"]
[Source "ChessBase"]
[SourceQuality "1"]
[TimeControl "40/5400+30:1800+30"]

1. c4 f5 2. Nc3 Nf6 3. d4 d6 4. e3 c6 5. Nf3 g6 6. b4 Bg7 7. Rb1 O-O 8. Qb3 a5 9. c5+ Kh8 10. Na4 Nd5 11. b5 dxc5 12. Nxc5 b6 13. Na4 Be6 14. Bd2 Qd6 15. Qb2 c5 16. Be2 Nd7 17. O-O N7f6 18. dxc5 bxc5 19. Rfd1 Ne4 20. Qc2 g5 21. Bd3 c4 22. Bxe4 fxe4 23. Nxg5 Bf5 24. Bc3 Nxc3 25. Rxd6 Nxb1 26. Rd5 Na3 27. Qc1 e6 28. Rc5 Rad8 29. h4 Rd3 30. b6 Bg4 31. f3 exf3 32. gxf3 Bf5 33. e4 Bd4+ 34. Kg2 Bxc5 35. Nxc5 Bg6 36. Nxd3 1-0

[Event "106th British-ch 2019"]
[Site "Torquay"]
[Date "2019.08.01"]
[Round "6.23"]
[White "Player, Edmund C"]
[Black "Jones, Steven A"]
[Result "1/2-1/2"]
[ECO "C74"]
[WhiteElo "2202"]
[BlackElo "2117"]
[Annotator "NA"]
[PlyCount "88"]
[EventDate "2019.07.27"]
[EventType "swiss"]
[EventCountry "GBR"]
[SourceTitle "playchess.com"]
[Source "ChessBase"]
[SourceQuality "1"]
[TimeControl "40/5400+30:1800+30"]

1. e4 e5 2. Nf3 Nc6 3. Bb5 a6 4. Ba4 d6 5. c3 f5 6. d3 Be7 7. Qe2 Nf6 8. Nbd2 O-O 9. h3 Kh8 10. Nf1 Nh5 11. g3 fxe4 12. dxe4 Qe8 13. Be3 b5 14. Bc2 Rb8 15. N1d2 a5 16. Bd3 b4 17. Bb5 Bd7 18. c4 g6 19. Bh6 Ng7 20. Qd3 Bf6 21. Kf1 Rf7 22. Kg2 Ne6 23. Be3 Bg7 24. Raf1 Qf8 25. h4 h6 26. Ng1 Kh7 27. Ne2 Rd8 28. b3 Nc5 29. Qb1 h5 30. Nc1 Bh6 31. Nd3 Ne6 32. Bxh6 Kxh6 33. Ne1 Ned4 34. Ba4 Kg7 35. Qd3 Nb8 36. Bxd7 Nxd7 37. Qe3 Nf6 38. f3 c5 39. Rf2 Qe7 40. Rhf1 Ra8 41. Qd3 a4 42. Nc2 axb3 43. axb3 Ra2 44. Ne3 Qb7 1/2-1/2